AoeStats
← WiryFuzzball

Black Forest

509752607Analyzed
3v3 RM · 4d ago on Sep 27, 2026· 35m 46s· 6 players
Game mode
Random Map
Map size
Normal (6 player)
Population
200
Speed
Normal
Resources
Standard
Victory
Conquest
Starting age
Dark Age
Ending age
Imperial Age
RankedLock teamsTeams togetherTeam positionsShared explorationLock speedFull tech treeHidden civsTurbo modeCheats
Victory
Defeat
🇹🇷 Burgundians · Türkiye
1050
+13
🇨🇱 Franks · Chile
1011
+14
🇵🇱 Varangians · Poland
968
+16
🇺🇸 Britons · United States
984
-15
🇺🇸 Bohemians · United States
973
-14
🇺🇸 Aztecs · United States
971
-14
Viking
2:26 Loom
16:20 Feudal Age
20:00 Castle Age
17:58 Double-Bit Axe
19:45 Fishing Lines
30:57 Husbandry
31:08 Bloodlines
31:18 Bloodlines
36:42 Imperial Age
34:33 Town Watch
35:24 Wheelbarrow
BananaRepublic
0:32 Loom
2:07 Wheelbarrow
18:35 Feudal Age
18:56 Fishing Lines
20:20 Gillnets
24:58 Castle Age
22:52 Horse Collar
23:41 Heavy Plow
23:29 Double-Bit Axe
25:22 Bow Saw
29:06 Gold Mining
31:44 Treadmill Crane
35:42 Imperial Age
33:56 Scale Mail Armor
34:21 Masonry
34:35 Fortified Wall
36:18 Burgundian Vineyards
k4tRE !
2:27 Loom
13:31 Feudal Age
14:11 Double-Bit Axe
14:56 Gold Mining
19:39 Castle Age
19:53 Stone Mining
21:32 Bow Saw
22:00 Gold Shaft Mining
22:15 Forging
28:27 Wheelbarrow
28:13 Husbandry
28:08 Fletching
29:05 Iron Casting
28:36 Scale Barding Armor
30:00 Hand Cart
33:33 Imperial Age
32:35 Chain Barding Armor
33:27 Bodkin Arrow
34:48 Conscription
34:00 Cavalier
36:24 Blast Furnace
36:02 Plate Barding Armor
WiryFuzzball
5:00 Loom
12:55 Feudal Age
14:16 Double-Bit Axe
17:15 Castle Age
16:27 Horse Collar
18:37 Bow Saw
19:22 Heavy Plow
23:45 Wheelbarrow
23:18 Squires
22:38 Pikeman
26:15 Elite Skirmisher
31:58 Fervor
35:09 Imperial Age
32:56 Hand Cart
33:34 Town Watch
35:17 Fortified Wall
36:30 Illumination
36:20 Block Printing
bowerca93
0:38 Loom
13:16 Feudal Age
14:47 Horse Collar
18:59 Castle Age
18:12 Double-Bit Axe
21:45 Gambesons
25:41 Bow Saw
29:58 Stone Mining
31:32 Heavy Plow
31:24 Man-at-Arms
32:46 Wheelbarrow
32:55 Scale Mail Armor
33:05 Forging
35:57 Imperial Age
35:46 Chain Mail Armor
36:07 Iron Casting
35:32 Pikeman
JillVibesDotCom
0:41 Loom
13:31 Feudal Age
21:59 Castle Age
20:12 Double-Bit Axe
20:15 Horse Collar
21:41 Fletching
21:53 Padded Archer Armor
30:19 Bodkin Arrow
32:31 Bow Saw
Connection lost

Rejoining the realm…

Still unreachable

The connection could not be restored.

Session expired

The server has moved on; the page needs a fresh start.